 Dungeon Crawl Stone Soup version 0.21-a0-440-g28109cb (webtiles) character file.

922 nikopol the Magician (level 7, -1/37 HPs)
             Began as a Deep Elf Fire Elementalist on Nov 10, 2017.
             Slain by a centaur skeleton (5 damage)
             ... on level 5 of the Dungeon.
             The game lasted 00:19:53 (5021 turns).

nikopol the Magician (Deep Elf Fire Elementalist)   Turns: 5021, Time: 00:19:53

Health: -1/37      AC:  5    Str:  5    XL:     7   Next: 84%
Magic:  17/19      EV: 13    Int: 22    God:
Gold:   163        SH:  0    Dex: 15    Spells: 14/20 levels left

rFire    x . .     SeeInvis .   u - +2 short sword (venom)
rCold    + . .     Gourm    .   (no shield)
rNeg     . . .     Faith    .   a - +0 robe
rPois    .         Spirit   .   x - +0 helmet
rElec    .         Reflect  .   (no cloak)
rCorr    .         Harm     .   j - +0 pair of gloves
MR       .....                  C - +0 pair of boots
Stlth    ++........             v - amulet of rage
HPRegen  0.12/turn              G - ring of flight
MPRegen  0.16/turn              o - ring of ice

@: no status effects
A: no striking features
a: Evoke Berserk Rage, Evoke Flight


You were on level 5 of the Dungeon.
You were hungry.

You visited 1 branch of the dungeon, and saw 5 of its levels.

You collected 163 gold pieces.

Inventory:

Hand Weapons
 u - a +2 short sword of venom (weapon)
Armour
 a - a +0 robe (worn)
 j - a +0 pair of gloves (worn)
 x - a +0 helmet (worn)
 C - a +0 pair of boots (worn)
Jewellery
 o - a ring of ice (right hand)
 v - an amulet of rage (around neck)
 G - a ring of flight (left hand)
Wands
 F - a wand of paralysis (12/24)
Scrolls
 d - a scroll of random uselessness {unknown}
 e - 2 scrolls of recharging {unknown}
 f - 2 scrolls of fear {unknown}
 i - 5 scrolls of teleportation {unknown}
 m - 4 scrolls of remove curse {unknown}
 q - 2 scrolls of fog {unknown}
 r - a scroll of enchant armour {unknown}
 t - 5 scrolls of identify {unknown}
 y - 2 scrolls of blinking {unknown}
 B - 3 scrolls of amnesia {unknown}
Potions
 h - 2 potions of brilliance {unknown}
 l - a potion of might {unknown}
 n - a potion of lignification {unknown}
 p - a potion of invisibility {unknown}
 s - a potion of heal wounds {unknown}
 w - a potion of curing {unknown}
 E - a potion of degeneration {unknown}
Books
 b - a book of Flames

   Spells                             Type                      Level
   a - Flame Tongue                   Conjuration/Fire             1
   b - Throw Flame                    Conjuration/Fire             2
   c - Conjure Flame                  Conjuration/Fire             3
   d - Inner Flame                    Hexes/Fire                   3
   e - Sticky Flame                   Conjuration/Fire             4
   f - Fireball                       Conjuration/Fire             5
Comestibles
 c - 6 bread rations
 k - 3 meat rations


   Skills:
 + Level 0.7 Fighting
 + Level 0.1 Short Blades
 + Level 3.0 Dodging
 + Level 3.4 Stealth
 + Level 7.0 Spellcasting
 + Level 5.5 Conjurations
 + Level 6.1 Fire Magic


You had 14 spell levels left.
You knew the following spells:

 Your Spells              Type           Power        Failure   Level  Hunger
a - Flame Tongue          Conj/Fire      ####.        1%          1    None
b - Throw Flame           Conj/Fire      ####..       1%          2    None
c - Conjure Flame         Conj/Fire      ####....     2%          3    None


Dungeon Overview and Level Annotations

Branches:
Dungeon (5/15)
 Temple: D:4-7

Altars:

Annotations:
D:5 tof's ghost, amateur DsBe


Message History

Confirm with . or Enter, or press ? or * to list all spells.
Aiming: Flame Tongue
Press: ? - help, Shift-Dir - straight line, f/p - tof's ghost
Aim: tof's ghost (flame, lightly damaged)
The flame tongue hits tof's ghost.
Tof's ghost appears unharmed.
Tof's ghost is lightly damaged.
Tof's ghost is engulfed in blazing flames.
Tof's ghost hits you.
* * * LOW HITPOINT WARNING * * *
Tof's ghost is engulfed in blazing flames.
Tof's ghost says, "Live by the sword, die by the sword."
Things that are here:
a scale mail; a wand of confusion (?/48) {zapped: 6} Tof's ghost shouts, "You will never get the ORB!"
An ice beast comes into view.
The ice beast moves out of view.
Tof's ghost says, "You will never get the ORB!"
A centaur skeleton comes into view.
The centaur skeleton hits you.
You die...

(...........# #.......Y.
............####......)..
....[....................
###......................
.........................
###.............#....###
###############W...#
#........Z.....# #.........@.####
#...........# #...........#
#######...........#
..................#
............<.....#
..(......########################
.........'.......................
.........#######........#########


You could see tof's ghost and a centaur skeleton.

Vanquished Creatures
  2 ice beasts (D:5)
  An ogre (D:4)
  A howler monkey (D:5)
  A centaur zombie (D:5)
  2 hounds (D:5)
  4 orc priests (D:3)
  Ijyb (D:4)
  An orc wizard (D:3)
  5 worker ants
  A hound zombie (D:5)
  4 gnolls (D:4)
  7 adders
  An adder skeleton (D:4)
  4 worms
  A dart slug (D:1)
  3 leopard geckos
  10 orcs
  6 bats
  8 giant cockroaches
  7 goblins
  12 hobgoblins
  5 jackals
  2 quokkas
  A ball python (D:4)
  7 frilled lizards
  2 jackal skeletons
  6 kobolds
  A leopard gecko skeleton (D:5)
  6 rats
112 creatures vanquished.

Notes
Turn   | Place    | Note
-------+----------+-------------------------------------------
     0 | D:1      | nikopol the Deep Elf Fire Elementalist began the quest for the Orb.
     0 | D:1      | Reached XP level 1. HP: 10/10 MP: 6/6
   119 | D:1      | Reached XP level 2. HP: 15/15 MP: 2/8
   739 | D:2      | Reached XP level 3. HP: 19/19 MP: 7/10
  1302 | D:2      | Found a faded altar of an unknown god.
  1463 | D:2      | Learned a level 2 spell: Throw Flame
  1467 | D:2      | Learned a level 3 spell: Conjure Flame
  1615 | D:3      | Reached skill level 4 in Spellcasting
  1615 | D:3      | Reached XP level 4. HP: 24/24 MP: 3/12
  2082 | D:3      | Reached XP level 5. HP: 28/28 MP: 3/13
  2711 | D:3      | Reached skill level 5 in Spellcasting
  2870 | D:3      | Reached XP level 6. HP: 31/32 MP: 12/15
  3134 | D:4      | Reached skill level 5 in Fire Magic
  3933 | D:4      | Reached skill level 6 in Spellcasting
  4119 | D:5      | Entered Level 5 of the Dungeon
  4127 | D:5      | Reached XP level 7. HP: 36/36 MP: 13/18
  4206 | D:5      | Noticed tof's ghost (amateur DsBe)
  4208 | D:5      | Noticed Ijyb
  4222 | D:4      | Killed Ijyb
  4392 | D:5      | Reached skill level 5 in Conjurations
  4980 | D:5      | Reached skill level 7 in Spellcasting
  4996 | D:5      | HP: 1/37 [tof's ghost (5)]
  5021 | D:5      | Slain by a centaur skeleton

Vault maps used:
D:1:      dpeg_arrival_three_bigger_balls
D:2:      chequers_ecumenical_altar_grove, first_bread
D:4:      minmay_misc_feat_x
D:5:      uniq_ijyb

Skill      XL: |  1  2  3  4  5  6  7 |
---------------+----------------------+-----
Fire Magic     | 4 5 6 |  6.1
Spellcasting   | 4 5 6 7 |  7.0
Conjurations   | 2 3 4 5 |  5.5
Stealth        | 3 |  3.4
Dodging        | 3 |  3.0
Fighting       | |  0.7
Short Blades   | |  0.1

Action                   |  1- 3 |  4- 6 |  7- 9 || total
-------------------------+-------+-------+-------++-------
Melee: Short sword       |     1 |       |     3 ||     4
 Cast: Flame Tongue      |    84 |   111 |    54 ||   249
       Conjure Flame     |     1 |     6 |     2 ||     9
       Throw Flame       |       |    14 |     3 ||    17
  Eat: Chunk             |     2 |     8 |     2 ||    12
Armor: Robe              |     7 |       |     6 ||    13
Dodge: Dodged            |    22 |    13 |    16 ||    51

Table legend:
 A = Spawn XP
 B = Non-spawn XP
 C = Spawn XP percentage of total XP
 D = Spawn monster count
 E = Non-spawn monster count
 F = Spawn count percentage of total count
 G = Total turns spent on level
                    A         B        C        D         E        F      G
               +---------+---------+-------+---------+---------+-------+---------
         Total |       0 |    1318 |   0.0 |       0 |     112 |   0.0 |  5021
               +---------+---------+-------+---------+---------+-------+---------
           D:1 |       0 |      37 |   0.0 |       0 |      21 |   0.0 |   692
           D:2 |       0 |      39 |   0.0 |       0 |      15 |   0.0 |  1404
           D:3 |       0 |     309 |   0.0 |       0 |      40 |   0.0 |   893
           D:4 |       0 |     351 |   0.0 |       0 |      18 |   0.0 |  1238
           D:5 |       0 |     582 |   0.0 |       0 |      18 |   0.0 |   794
               +---------+---------+-------+---------+---------+-------+---------
